 Dungeon Crawl Stone Soup version 0.28.0-47-ge53b351184 (webtiles) character file.

Game seed: 6096983738172719641

13539 Exodus22XD the Severer (level 11, -15/153 HPs)
             Began as a Minotaur Fighter on May 8, 2022.
             Was a High Priest of Trog.
             Demolished by a skeletal warrior
             ... wielding a +0 long sword
             ... led by a death knight
              (17 damage)
             ... on level 11 of the Dungeon.
             The game lasted 00:12:40 (11652 turns).

Exodus22XD the Severer (Minotaur Fighter)          Turns: 11652, Time: 00:12:41

Health: -15/153    AC: 18    Str: 30    XL:     11   Next: 76%
Magic:  10/10      EV:  7    Int:  5    God:    Trog [*****.]
Gold:   624        SH: 15    Dex: 11    Spells: 10/10 levels left

rFire   . . .      SeeInvis .   H - +3 hand axe (freeze)
rCold   . . .      Faith    .   O - +0 kite shield
rNeg    . . .      Spirit   .   q - +0 plate armour
rPois   .          Reflect  +   (helmet restricted)
rElec   .          Harm     .   v - +0 cloak
rCorr   .          Rampage  .   b - +0 pair of gloves
Will    +....                   (no boots)
Stlth   ..........              L - amulet of reflection
HPRegen 1.35/turn               x - ring of willpower
MPRegen 0.12/turn               G - +6 ring of strength

@: mighty, berserking, weak-willed, strong-willed, regenerating, very quick
A: horns 2, retaliatory headbutt
a: Renounce Religion, Berserk, Trog's Hand, Brothers in Arms


You were on level 11 of the Dungeon.
You worshipped Trog.
Trog was extremely pleased with you.
You visited 1 branch of the dungeon, and saw 11 of its levels.

You collected 646 gold pieces.
You spent 22 gold pieces at shops.

Inventory:

Hand Weapons
 a - a +0 war axe
 c - a +0 demon whip of venom
 m - a +2 vorpal trident
 A - a +4 hand axe
 H - a +3 hand axe of freezing (weapon)
Armour
 b - a +0 pair of gloves (worn)
 q - a +0 plate armour (worn)
 v - a +0 cloak (worn)
 O - a +0 kite shield (worn)
Jewellery
 f - an amulet of regeneration
 x - a ring of willpower (left hand)
 G - a +6 ring of strength (right hand)
 L - an amulet of reflection (around neck)
Wands
 k - a wand of flame (24)
 s - a wand of iceblast (20)
 F - a wand of polymorph (4)
 K - a wand of paralysis (2)
 M - a wand of acid (2)
Scrolls
 g - 2 scrolls of magic mapping {unknown}
 n - 3 scrolls of fear
 p - 3 scrolls of enchant armour
 r - a scroll of fog
 t - 2 scrolls of noise {unknown}
 u - a scroll of teleportation {unknown}
 w - a scroll of holy word {unknown}
 y - 2 scrolls of blinking {unknown}
 C - 3 scrolls of immolation {unknown}
 I - a scroll of amnesia {unknown}
Potions
 d - a potion of might
 e - 5 potions of heal wounds
 h - 2 potions of curing
 i - 3 potions of brilliance {unknown}
 j - 2 potions of degeneration {unknown}
 l - 4 potions of flight
 o - 2 potions of mutation {unknown}
 z - 2 potions of attraction {unknown}
 B - 3 potions of magic {unknown}
 D - a potion of cancellation {unknown}
 E - 2 potions of ambrosia {unknown}
 J - 3 potions of lignification
 N - a potion of invisibility {unknown}


   Skills:
 + Level 11.0 Fighting
 + Level 15.0 Axes
 + Level 11.6 Armour
 + Level 9.2 Shields


You had 10 spell levels left.
You didn't know any spells.
Your spell library was empty.

Dungeon Overview and Level Annotations

Branches:
Dungeon (11/15)            Temple (0/1) D:4            Lair (0/6) D:8
    Orc (0/2) D:10

Altars:
Cheibriados
Qazlal
Sif Muna
Trog
Uskayaw
The Shining One

Shops:
D:1 (   D:6 ?


Innate Abilities, Weirdness & Mutations

You have a pair of horns on your head.
You reflexively headbutt those who attack you in melee.


Message History

You block the phantasmal warrior's attack.
The death knight hits you with a +3 halberd!
The wraith closely misses you.
Your skin crawls.
You feel strong-willed.
The vampire mosquito bites you but does no damage.
You block the vampire mosquito's attack.
The centaur warrior zombie hits you but does no damage.
You block the centaur warrior zombie's attack.
The vampire mosquito bites you but does no damage.
The vampire mosquito barely misses you. You furiously retaliate!
You headbutt the vampire mosquito. The phantasmal warrior hits you!!
* * * LOW HITPOINT WARNING * * *
Your willpower is stripped away!
Your two-headed ogre hits the wraith with a +0 giant club!!!
The wraith is destroyed!
Trog accepts your kill.
The death knight calls down the wrath of Yredelemnul upon you.
You easily resist.
Your Fighting skill increases to level 11!
Okay, then.
Okay, then.
A red film seems to cover your vision as you go berserk!
You feel yourself moving faster!
You feel mighty!
You block the vampire mosquito's attack.
The vampire mosquito bites you but does no damage.
You block the centaur warrior zombie's attack.
The centaur warrior zombie kicks you but does no damage.
The vampire mosquito bites you.
* * * LOW HITPOINT WARNING * * *
The vampire mosquito draws strength from your injuries!
Your two-headed ogre barely misses the skeletal warrior.
Your two-headed ogre closely misses the skeletal warrior.
The phantasmal warrior hits you!
* * * LOW HITPOINT WARNING * * *
The vampire mosquito bites you but does no damage.
The death knight hits you with a +3 halberd.
* * * LOW HITPOINT WARNING * * *
The skeletal warrior hits you with a +0 long sword!
You die...

#...# #.$.# #...#
#...########
#############...........
......<.................
.............>..........
.............?..yy....?.
...............W@py.....
...............Z.z..<...
.................O......
........>...............
........................
........................
###########...#########
#...#


You could see a death knight, a skeletal warrior (ally target), a phantasmal
warrior, 3 vampire mosquitoes, a centaur warrior zombie and a friendly
two-headed ogre (summoned, berserk).

Vanquished Creatures
  Snorg (D:10)
  A two-headed ogre (D:10)
  3 death yaks (D:8)
  A cyclops (D:7)
  A troll (D:10)
  A hornet (D:8)
  6 slime creatures (D:9)
  4 hogs (D:9)
  A shadow (D:10)
  9 yaks
  Eustachio (D:5)
  A human (D:9)
  A steam dragon (D:6)
  2 water moccasins
  2 acid dragons
  9 orc warriors
  2 ice beasts
  3 necrophages
  A black bear (D:6)
  A sky beast (D:6)
  2 centaurs
  4 ogres
  6 kobold brigands
  A wyvern zombie (D:9)
  3 bullfrogs
  2 gnoll sergeants (D:10)
  3 scorpions
  A water moccasin zombie (D:6)
  A wyvern skeleton (D:7)
  4 killer bees (D:9)
  7 wights
  4 howler monkeys
  8 centaur zombies
  A jelly (D:5)
  3 gnoll shamans
  4 hounds
  6 orc priests
  A bullfrog skeleton (D:5)
  9 orc wizards
  3 iguanas
  3 hell rats (D:8)
  A killer bee zombie (D:7)
  A howler monkey zombie (D:10)
  14 gnolls
  9 adders
  2 shadow imps (D:7)
  2 white imps (D:6)
  An ufetubus (D:5)
  A worm (D:2)
  2 dart slugs
  37 orcs
  8 endoplasms
  3 giant cockroaches
  5 goblins
  4 hobgoblins
  6 jackals
  16 kobolds
  4 quokkas
  6 ball pythons
  3 bats
  3 frilled lizards
  4 rats
259 creatures vanquished.

Vanquished Creatures (collateral kills)
  A wraith (D:11)
1 creature vanquished.

Vanquished Creatures (others)
  3 fungi (D:7)
3 creatures vanquished.

Grand Total: 263 creatures vanquished

Notes
Turn   | Place    | Note
-------+----------+-------------------------------------------
     0 | D:1      | Exodus22XD the Minotaur Fighter began the quest for the
                  | Orb.
     0 | D:1      | Reached XP level 1. HP: 19/19 MP: 0/0
    25 | D:1      | Reached XP level 2. HP: 24/27 MP: 1/1
   386 | D:1      | Found Onweregh's Weapon Shoppe.
   485 | D:1      | Found a faded altar of an unknown god.
   604 | D:1      | Prayed at the altar of an unknown god.
   604 | D:1      | Became a worshipper of Trog the Wrathful
   604 | D:1      | Reached * piety under Trog
   719 | D:2      | Reached XP level 3. HP: 14/33 MP: 2/2
   960 | D:2      | Found a hide-covered altar of Uskayaw.
  1081 | D:2      | Reached skill level 3 in Axes
  1484 | D:2      | Reached XP level 4. HP: 38/40 MP: 3/3
  1921 | D:3      | Reached ** piety under Trog
  2170 | D:3      | Reached skill level 4 in Axes
  2686 | D:4      | Reached XP level 5. HP: 46/47 MP: 4/4
  2697 | D:4      | Reached skill level 5 in Armour
  3195 | D:4      | Reached skill level 5 in Axes
  3198 | D:4      | Found a staircase to the Ecumenical Temple.
  3213 | D:4      | Reached XP level 6. HP: 46/53 MP: 5/5
  3709 | D:5      | Entered Level 5 of the Dungeon
  3731 | D:5      | Reached skill level 5 in Fighting
  3753 | D:5      | Noticed an ice beast
  3759 | D:5      | Killed an ice beast
  3760 | D:5      | Reached skill level 6 in Axes
  3767 | D:5      | Reached XP level 7. HP: 61/61 MP: 6/6
  3794 | D:5      | Reached skill level 5 in Shields
  3912 | D:5      | Reached skill level 7 in Axes
  3995 | D:5      | Noticed Eustachio
  4041 | D:5      | Killed Eustachio
  4222 | D:5      | Reached XP level 8. HP: 70/70 MP: 7/7
  4256 | D:5      | Identified the +1 robe of Yredelemnul's Reproof {rC+ Str+7}
  4353 | D:5      | Reached skill level 8 in Axes
  4946 | D:6      | Reached *** piety under Trog
  5232 | D:6      | Reached skill level 9 in Axes
  5259 | D:6      | Found Ikan's Magic Scroll Shop.
  5267 | D:6      | Bought a scroll of identify for 22 gold pieces
  5695 | D:6      | Found a snail-covered altar of Cheibriados.
  5851 | D:6      | You fall into a shaft and drop 1 floor!
  6145 | D:7      | Reached skill level 10 in Axes
  6145 | D:7      | Reached XP level 9. HP: 63/78 MP: 8/8
  6295 | D:7      | Found a glowing golden altar of the Shining One.
  6313 | D:7      | Reached skill level 11 in Axes
  6730 | D:7      | Reached **** piety under Trog
  6961 | D:7      | Noticed a cyclops
  6976 | D:7      | Killed a cyclops
  6977 | D:7      | Reached skill level 12 in Axes
  6980 | D:7      | Reached XP level 10. HP: 88/88 MP: 9/9
  7269 | D:7      | Found a shimmering blue altar of Sif Muna.
  7830 | D:8      | Noticed a death yak
  7830 | D:8      | Noticed a death yak
  7830 | D:8      | Noticed a death yak
  7841 | D:8      | Killed a death yak
  7847 | D:8      | Killed a death yak
  7848 | D:8      | Reached skill level 13 in Axes
  7851 | D:8      | Killed a death yak
  7852 | D:8      | Reached skill level 10 in Armour
  7872 | D:8      | Found a staircase to the Lair.
  8757 | D:9      | Reached skill level 14 in Axes
  8977 | D:9      | Reached ***** piety under Trog
  8978 | D:9      | Reached XP level 11. HP: 97/97 MP: 10/10
  9368 | D:9      | Reached skill level 10 in Fighting
  9544 | D:9      | Found a stormy altar of Qazlal.
  9872 | D:10     | Entered Level 10 of the Dungeon
  9952 | D:10     | Noticed a two-headed ogre
 10227 | D:10     | Noticed Snorg
 10241 | D:10     | Killed a two-headed ogre
 10241 | D:10     | Killed Snorg
 11215 | D:10     | Found a staircase to the Orcish Mines.
 11629 | D:11     | Reached skill level 15 in Axes
 11640 | D:11     | Noticed a death knight
 11642 | D:11     | Noticed a phantasmal warrior
 11646 | D:11     | Noticed a skeletal warrior
 11652 | D:11     | HP: 6/153 [phantasmal warrior[a death knight] (13)]
 11652 | D:11     | HP: 2/153 [death knight/+3 halberd (4)]
 11652 | D:11     | Demolished by a skeletal warrior

Illustrated notes

Levels and vault maps discovered:
D:1:      ncdulo_lavacross, layout_basic, serial_shops, nicolae_diamond_shop,
          hellmonk_ecumenical_altar_heavens_door
D:2:      layout_loops_corners, basic_altar, columned_hall_lemuel
D:3:      layout_basic, minmay_parallelograms, bh_walls_and_bars
D:4:      layout_loops_cross, minmay_temple_entry_overgrown
D:5:      layout_loops_ring, chequers_arboretum, uniq_eustachio
D:6:      layout_loops_ring, mainiacjoe_overflow_catwalk, serial_shops, shop
D:7:      wad_guarded_room, layout_basic, kennysheep_orc_sif_temple,
          mainiacjoe_overflow_boulevard
D:8:      layout_basic, dpeg_lair_monsters, dk_noncrumbling_2, minivault_21
D:9:      layout_basic, kennysheep_mini, nicolae_two_hexagons, grunt_livestock
D:10:     layout_basic, kennysheep_orc_monster_closet_entryway, nrook_campfire,
          uniq_snorg
D:11:     layout_long_grid, portal_ice_cave_entry_imps, skrybe_limestone_x

Skill      XL: |  1  2  3  4  5  6  7  8  9 10 11 |
---------------+----------------------------------+-----
Shields        | 4 5 6 7 9 |  9.2
Armour         | 4 5 6 7 9 10 11 | 11.6
Fighting       | 4 5 6 8 9 11 | 11.0
Axes           | 3 4 5 6 7 10 12 14 15 | 15.0

Action                   |  1- 3 |  4- 6 |  7- 9 | 10-12 || total
-------------------------+-------+-------+-------+-------++-------
Melee: War axe           |    65 |   135 |   229 |   114 ||   543
       Headbutt          |     8 |    12 |    46 |    84 ||   150
       Hand axe          |       |       |       |   225 ||   225
Invok: Berserk           |       |     1 |     4 |     3 ||     8
       Trog's Hand       |       |       |       |     1 ||     1
       Brothers in Arms  |       |       |       |     1 ||     1
  Use: Scroll            |       |       |     6 |     1 ||     7
       Potion            |       |       |     1 |     2 ||     3
Armor: Scale mail        |    29 |    26 |       |       ||    55
       Plate armour      |       |    41 |   157 |   157 ||   355
Dodge: Dodged            |    28 |    56 |   105 |    93 ||   282
Block: Buckler           |    15 |    20 |    69 |    76 ||   180
       Kite shield       |       |       |       |    59 ||    59
       Reflection        |       |       |       |     2 ||     2
